 Dungeon Crawl Stone Soup version 0.24.0-2-g5b39cebb1c (webtiles) character file.

Game seed: 997579279183078281, levelgen mode: deterministic

303 Lanoc the Slasher (level 6, -7/53 HPs)
             Began as a Gnoll Chaos Knight on Oct 29, 2019.
             Was a Plaything of Xom.
             Killed by divine providence
             ... invoked by an orc priest
              (10 damage)
             ... on level 3 of the Dungeon.
             The game lasted 00:04:14 (1323 turns).

Lanoc the Slasher (Gnoll Chaos Knight)              Turns: 1323, Time: 00:04:15

Health: -7/53      AC: 10    Str: 14    XL:     6   Next: 38%
Magic:  0/8        EV: 19    Int: 15    God:    Xom [.*....]
Gold:   121        SH:  0    Dex: 21    Spells: 8/8 levels left

rFire    + . .     SeeInvis .   a - +0 falchion (chaos)
rCold    + . .     Gourm    .   (no shield)
rNeg     . . .     Faith    .   b - +2 leather armour
rPois    +         Spirit   +   f - +2 helmet
rElec    +         Reflect  .   t - +0 cloak
rCorr    +         Harm     .   (no gloves)
MR       +....                  (no boots)
Stlth    +++.......             s - amulet of guardian spirit
HPRegen  0.17/turn              g - ring of protection from magic
MPRegen  0.11/turn              (no ring)

@: agile, resistant
A: distributed training, fangs 1, strong nose
a: Renounce Religion


You were on level 3 of the Dungeon.
You worshipped Xom.
You were a plaything of Xom.
You were hungry.

You visited 1 branch of the dungeon, and saw 3 of its levels.

You collected 121 gold pieces.

Inventory:

Hand Weapons
 a - a +0 falchion of chaos (weapon)
Missiles
 d - 30 bolts
 r - 4 poisoned darts (quivered)
Armour
 b - a +2 leather armour (worn)
 f - a +2 helmet (worn)
 t - a +0 cloak (worn)
Jewellery
 g - a ring of protection from magic (left hand)
 s - an amulet of guardian spirit (around neck)
Scrolls
 m - a scroll of amnesia {unknown}
 n - a scroll of blinking {unknown}
 p - 3 scrolls of identify {unknown}
 q - a scroll of remove curse {unknown}
Potions
 e - a potion of lignification {unknown}
 h - 2 potions of curing {unknown}
 i - a potion of resistance
 k - a potion of flight {unknown}
 l - a potion of agility
 o - 2 potions of berserk rage {unknown}
Comestibles
 c - 6 rations
 j - a chunk of flesh


   Skills:
 + Level 6.8 Fighting
 + Level 1.9 Short Blades
 + Level 6.8 Long Blades
 + Level 1.9 Axes
 + Level 1.9 Maces & Flails
 + Level 1.9 Polearms
 + Level 1.9 Staves
 + Level 1.9 Slings
 + Level 1.9 Bows
 + Level 1.9 Crossbows
 + Level 1.9 Throwing
 + Level 4.9 Armour
 + Level 3.2 Dodging
 + Level 1.9 Stealth
 + Level 1.9 Shields
 + Level 1.9 Unarmed Combat
 + Level 1.9 Spellcasting
 + Level 1.5 Conjurations
 + Level 1.5 Hexes
 + Level 1.5 Charms
 + Level 1.5 Summonings
 + Level 1.5 Necromancy
 + Level 1.5 Translocations
 + Level 1.5 Transmutations
 + Level 1.5 Fire Magic
 + Level 1.5 Ice Magic
 + Level 1.5 Air Magic
 + Level 1.5 Earth Magic
 + Level 1.5 Poison Magic
 + Level 2.1 Invocations
 + Level 1.9 Evocations


You had 8 spell levels left.
You didn't know any spells.
Your spell library was empty.

Dungeon Overview and Level Annotations

Branches:
Dungeon (3/15)

Altars:


Innate Abilities, Weirdness & Mutations

Your experience applies equally to all skills.
You have very sharp teeth.
Your uncanny sense of smell can sniff out nearby items.


Message History

The orc priest is lightly wounded.
The orc hits you but does no damage.
The orc priest hits you with a +0 hand axe.
* * * LOW HITPOINT WARNING * * *
Unknown command.
It was a potion of resistance.
You feel protected.
Xom is highly amused!
The orc priest hits you with a +0 hand axe.
* * * LOW HITPOINT WARNING * * *
The orc priest hits you but does no damage.
The orc hits you with a +0 mace.
* * * LOW HITPOINT WARNING * * *
It was a potion of agility.
You feel agile all of a sudden. The orc priest barely misses you.
The orc priest invokes the aid of Beogh against you.
Beogh smites you!
You die...
Xom titters!

#..........#
#..#########
#..# #..#
#..# #..#
#..# #..#
#@o# #oo#
...o..(..#
o..o.(...#
.(.#######
##


You could see 2 orc priests and an orc.

Vanquished Creatures
  2 ogres
  An orc wizard (D:3)
  Robin (D:2)
  2 adders
  4 oozes
  A leopard gecko (D:2)
  A ball python (D:2)
  A giant cockroach (D:3)
  15 goblins
  8 hobgoblins
  10 jackals
  A kobold (D:2)
  A quokka (D:2)
  5 bats
  4 frilled lizards
  5 rats
62 creatures vanquished.

Notes
Turn   | Place    | Note
-------+----------+-------------------------------------------
     0 | D:1      | Lanoc the Gnoll Chaos Knight began the quest for the Orb.
     0 | D:1      | Reached XP level 1. HP: 23/23 MP: 1/1
    78 | D:1      | XOM: smoke on damage
    82 | D:1      | Reached XP level 2. HP: 24/29 MP: 2/2
   150 | D:1      | XOM: harmless Fire miscast
   214 | D:2      | Reached XP level 3. HP: 33/35 MP: 3/3
   232 | D:2      | Noticed Robin
   245 | D:2      | XOM: divination: detect items
   251 | D:2      | Reached skill level 1 in Invocations
   254 | D:2      | XOM: harmless Conj miscast
   262 | D:2      | Killed Robin
   262 | D:2      | Reached skill level 1 in Short Blades
   262 | D:2      | Reached skill level 1 in Axes
   262 | D:2      | Reached skill level 1 in Maces & Flails
   262 | D:2      | Reached skill level 1 in Polearms
   262 | D:2      | Reached skill level 1 in Staves
   262 | D:2      | Reached skill level 1 in Slings
   262 | D:2      | Reached skill level 1 in Bows
   262 | D:2      | Reached skill level 1 in Crossbows
   262 | D:2      | Reached skill level 1 in Throwing
   262 | D:2      | Reached skill level 1 in Stealth
   262 | D:2      | Reached skill level 1 in Shields
   262 | D:2      | Reached skill level 1 in Unarmed Combat
   262 | D:2      | Reached skill level 1 in Spellcasting
   262 | D:2      | Reached skill level 1 in Evocations
   374 | D:2      | Reached XP level 4. HP: 26/41 MP: 5/5
   519 | D:2      | Noticed an ogre
   559 | D:2      | Killed an ogre
   559 | D:2      | Reached skill level 1 in Conjurations
   559 | D:2      | Reached skill level 1 in Hexes
   559 | D:2      | Reached skill level 1 in Charms
   559 | D:2      | Reached skill level 1 in Summonings
   559 | D:2      | Reached skill level 1 in Necromancy
   559 | D:2      | Reached skill level 1 in Translocations
   559 | D:2      | Reached skill level 1 in Transmutations
   559 | D:2      | Reached skill level 1 in Fire Magic
   559 | D:2      | Reached skill level 1 in Ice Magic
   559 | D:2      | Reached skill level 1 in Air Magic
   559 | D:2      | Reached skill level 1 in Earth Magic
   559 | D:2      | Reached skill level 1 in Poison Magic
   559 | D:2      | Reached XP level 5. HP: 34/47 MP: 5/7
   563 | D:2      | XOM: harmless Chrm miscast
   787 | D:2      | XOM: harmless Necr miscast
   896 | D:2      | XOM: medium Hex miscast
  1049 | D:3      | Noticed an ogre
  1052 | D:3      | XOM: harmless Hex miscast
  1065 | D:3      | XOM: butterfly on damage
  1066 | D:3      | XOM: potion effect (agility)
  1072 | D:3      | XOM: potion effect (brilliance)
  1077 | D:3      | XOM: potion effect (haste)
  1113 | D:3      | Killed an ogre
  1113 | D:3      | Reached XP level 6. HP: 24/53 MP: 8/8
  1309 | D:3      | XOM: divination: detect creatures
  1321 | D:3      | XOM: enchant monster (bad)
  1323 | D:3      | Killed from afar by an orc priest

Levels and vault maps discovered:
D:1:      dpeg_arrival_subterranean_lakeside_camping, layout_loops_ring,
          serial_glass, glass_columns_a, glass_columns_b, serial_bayou_pond_b,
          serial_park_tiny_2
D:2:      layout_basic, uniq_robin
D:3:      layout_loops_ring, first_ration, hangedman_decor_riveting

Skill      XL: |  1  2  3  4  5 |
---------------+----------------+-----
Invocations    | 1 2 |  2.1
Short Blades   | 1 |  1.9
Axes           | 1 |  1.9
Maces & Flails | 1 |  1.9
Polearms       | 1 |  1.9
Staves         | 1 |  1.9
Slings         | 1 |  1.9
Bows           | 1 |  1.9
Crossbows      | 1 |  1.9
Throwing       | 1 |  1.9
Stealth        | 1 |  1.9
Shields        | 1 |  1.9
Unarmed Combat | 1 |  1.9
Spellcasting   | 1 |  1.9
Evocations     | 1 |  1.9
Conjurations   | 1 |  1.5
Hexes          | 1 |  1.5
Charms         | 1 |  1.5
Summonings     | 1 |  1.5
Necromancy     | 1 |  1.5
Translocations | 1 |  1.5
Transmutations | 1 |  1.5
Fire Magic     | 1 |  1.5
Ice Magic      | 1 |  1.5
Air Magic      | 1 |  1.5
Earth Magic    | 1 |  1.5
Poison Magic   | 1 |  1.5
Dodging        | 3 |  3.2
Fighting       | |  6.8
Long Blades    | |  6.8
Armour         | |  4.9

Action                   |  1- 3 |  4- 6 || total
-------------------------+-------+-------++-------
Melee: Falchion          |    81 |    77 ||   158
       Bite              |    13 |     8 ||    21
       Punch             |     1 |       ||     1
Throw: Dart              |       |    17 ||    17
  Use: Potion            |       |     2 ||     2
 Stab: Sleeping          |     1 |     3 ||     4
       Distracted        |       |     1 ||     1
       Paralysed         |       |     1 ||     1
  Eat: Chunk             |       |     1 ||     1
Armor: Leather armour    |    29 |    19 ||    48
Dodge: Dodged            |    49 |    38 ||    87
       Rpst.: Falchion   |    13 |    12 ||    25
